 Dungeon Crawl Stone Soup version 0.24-a0-366-gc1c896e988 (webtiles) character file.

Game seed: 5889785252246785374

39 HAL9000 the Sneak (level 3, 0/27 HPs)
             Began as a Vine Stalker Assassin on May 28, 2019.
             Succumbed to an adder's poison
             ... on level 2 of the Dungeon.
             The game lasted 00:01:11 (1221 turns).

HAL9000 the Sneak (Vine Stalker Assassin)           Turns: 1221, Time: 00:01:12

Health: 0/27       AC: 21    Str: 14    XL:     3   Next: 45%
Magic:  2/4        EV:  2    Int: 11    God:
Gold:   144        SH:  0    Dex: 15    Spells: 2/2 levels left

rFire    . . .     SeeInvis .   a - +2 dagger
rCold    . . .     Gourm    .   (no shield)
rNeg     + + +     Faith    .   (armour currently unavailable)
rPois    +         Spirit   +   (helmet currently unavailable)
rElec    .         Reflect  .   (cloak currently unavailable)
rCorr    .         Harm     .   (gloves currently unavailable)
MR       +....     NoTele   +   (boots currently unavailable)
Stlth    +++.......             (no amulet)
HPRegen  0.09/turn              k - ring of protection from magic
MPRegen  0.09/turn              (no ring)

@: lethally poisoned (0 -> -2), tree-form
A: magic shield, no potion heal 3, rot immunity
a: no special abilities


You were on level 2 of the Dungeon.
You were not hungry.
You were a tree.
You visited 1 branch of the dungeon, and saw 2 of its levels.

You collected 144 gold pieces.

Inventory:

Hand Weapons
 a - a +2 dagger (weapon)
Missiles
 d - 21 poisoned darts (quivered)
 e - 2 curare-tipped darts
Armour
 b - a +0 robe (melded)
 c - a +0 cloak (melded)
Jewellery
 k - a ring of protection from magic (left branch)
Scrolls
 g - a scroll of remove curse
 l - 3 scrolls of identify
Comestibles
 f - 4 rations


   Skills:
 - Level 1.7 Fighting
 + Level 3.4 Short Blades
 - Level 1.7 Throwing
 - Level 0.7 Dodging
 - Level 4.8 Stealth


You had 2 spell levels left.
You didn't know any spells.
Your spell library was empty.

Dungeon Overview and Level Annotations

Branches:
Dungeon (2/15)

Altars:


Innate Abilities, Weirdness & Mutations

((You have extremely sharp teeth.))
When hurt, damage is shared between your health and your magic reserves.
((Your bite disrupts and absorbs the magic of your enemies.))
Potions cannot restore your health.
You are immune to rotting.


Message History

Unknown command.
As you read the scroll labeled ZOFEHI PEMUE, it crumbles to dust.
You feel aware of your surroundings.
You sensed 1 altar.
It was a scroll of magic mapping.
* * * LOW HITPOINT WARNING * * *
You feel sick.
As you read the scroll labeled YXOPRA ONYU, it crumbles to dust.
It is a scroll of identify.
You don't have any unidentified items.
Unknown command.
There is a lethal amount of poison in your body!
There is a lethal amount of poison in your body!
There is a lethal amount of poison in your body!
* * * LOW HITPOINT WARNING * * *
You feel sick.
* * * LOW HITPOINT WARNING * * *
You feel sick.
* * * LOW HITPOINT WARNING * * *
You feel sick.
You die...

****,,,,**,* *,*,* *,**
,,,,,.,**#,##**********,*,****,,,
****,#.###.#.,,,,,,,,,,,,<,,,,,,,
,,,,,......#.########**,*.#*****,
,***,#.#....#.......# *,*.# ** ,*
*,...>..#.######.###.#.# * ,*
*,...................#.# * ,*
**(...<.#.######.#####.###**** ,*
*,.........))♣......##...,,,,, ,*
**......###.###....#.#.#***,**
,****#.#...* #.....#.###..# *,*
,,,,,.....,* #####....#.#.####.*
*****###.#,* ##.##.........*
#.*,* #.*#..#.#####** #,*,*
##.##..#....,,,,
*,*,**#####.........##****
*,,,,,..............#


There were no monsters in sight!

Vanquished Creatures
  An adder (D:2)
  An ooze (D:1)
  A dart slug (D:1)
  A ball python (D:1)
  3 giant cockroaches
  2 goblins (D:1)
  4 hobgoblins
  3 kobolds (D:1)
  4 bats (D:1)
  A frilled lizard (D:1)
  A rat (D:1)
22 creatures vanquished.

Notes
Turn   | Place    | Note
-------+----------+-------------------------------------------
     0 | D:1      | HAL9000 the Vine Stalker Assassin began the quest for the
                  | Orb.
     0 | D:1      | Reached XP level 1. HP: 11/11 MP: 2/2
   426 | D:1      | Reached XP level 2. HP: 14/15 MP: 3/3
   815 | D:1      | Reached XP level 3. HP: 15/18 MP: 4/4
  1213 | D:2      | HP: 1/27 [poisoned by an adder]
  1221 | D:2      | Succumbed to an adder's poison

Levels and vault maps discovered:
D:1:      psy_arrival_radial01, layout_loops_ring
D:2:      layout_loops_ring, nemelex_xobeh_ov_fountains_minmay, first_ration

Skill      XL: |  1  2 |
---------------+-------+-----
Short Blades   | 2 3 |  3.4
Fighting       | |  1.7
Throwing       | |  1.7
Dodging        | |  0.7
Stealth        | |  4.8

Action                   || total
-------------------------++-------
Melee: Dagger            ||    92
       Bite              ||    23
Throw: Dart              ||     3
  Use: Scroll            ||     3
       Potion            ||     1
 Stab: Sleeping          ||     8
  Eat: Chunk             ||     1
Armor: Robe              ||    32
       Skin              ||     1
Dodge: Dodged            ||    55

Table legend:
 A = Non-vault XP
 B = Vault XP
 C = Vault XP percentage of total XP
 D = Non-vault monster count
 E = Vault monster count
 F = Vault count percentage of total count
                 A         B        C        D         E       F
            +---------+---------+-------+---------+---------+-------
      Total |      56 |       0 |   0.0 |      22 |       0 |   0.0
            +---------+---------+-------+---------+---------+-------
        D:1 |      39 |       0 |   0.0 |      19 |       0 |   0.0
        D:2 |      17 |       0 |   0.0 |       3 |       0 |   0.0
            +---------+---------+-------+---------+---------+-------
